 Dungeon Crawl Stone Soup version 0.26.1-2-gb8aa6d0cf2 (webtiles) character file.

Game seed: 4360558786910922456

1425 raph the Geomancer (level 8, -6/41 HPs)
             Began as a Deep Elf Earth Elementalist on Feb 20, 2021.
             Was a Follower of Kikubaaqudgha.
             Mangled by a troll (14 damage)
             ... on level 6 of the Dungeon.
             The game lasted 00:13:24 (7667 turns).

raph the Geomancer (Deep Elf Earth Elementalist)    Turns: 7667, Time: 00:13:25

Health: -6/41      AC:  4    Str:  5    XL:     8   Next: 44%
Magic:  11/15      EV: 13    Int: 25    God:    Kikubaaqudgha [*.....]
Gold:   268        SH:  0    Dex: 21    Spells: 1/13 levels left

rFire    + . .     SeeInvis .   q - +6 rapier "Keaff" {flame, Int+2}
rCold    . . .     Faith    .   (no shield)
rNeg     . . .     Spirit   .   l - +1 leather armour of the Apothecary {rElec}
rPois    .         Reflect  .   (no helmet)
rElec    +         Harm     .   (no cloak)
rCorr    .         Rampage  .   (no gloves)
Will     .....                  (no boots)
Stlth    ++........             h - amulet of magic regeneration
HPRegen  0.13/turn              m - +6 ring of dexterity
MPRegen  0.39/turn              s - ring of protection from fire

@: no status effects
A: no striking features
a: Renounce Religion, Receive Corpses


You were on level 6 of the Dungeon.
You worshipped Kikubaaqudgha.
Kikubaaqudgha was aware of your devotion.
You visited 1 branch of the dungeon, and saw 6 of its levels.

You collected 268 gold pieces.

Inventory:

Hand Weapons
 a - a +2 dagger of venom
 g - a +0 short sword
 k - a +2 dagger of holy wrath
 q - the +6 rapier "Keaff" (weapon) {flame, Int+2}
   (You found it on level 5 of the Dungeon)

   It has been specially enchanted to burn those struck by it, causing extra
   injury to most foes and up to half again as much damage against particularly
   susceptible opponents.
   It affects your intelligence (+2).
Missiles
 b - 121 stones
Armour
 c - a +0 robe
 l - the +1 leather armour of the Apothecary (worn) {rElec}
   (You found it on level 4 of the Dungeon)

   It insulates you from electricity.
Jewellery
 h - an amulet of magic regeneration (around neck)
 m - a +6 ring of dexterity (left hand)
 s - a ring of protection from fire (right hand)
 t - an uncursed ring of fire
 u - an uncursed ring of willpower
 v - an uncursed ring of fire
Wands
 d - a wand of flame (29)
Scrolls
 e - 3 scrolls of fog
 f - 7 scrolls of teleportation
 i - 3 scrolls of magic mapping
 o - 4 scrolls of identify
 r - 2 scrolls of remove curse
 w - a scroll of fear
 x - a scroll of amnesia {unknown}
Potions
 j - 2 potions of ambrosia
 n - a potion of cancellation {unknown}
 p - a potion of heal wounds


   Skills:
 - Level 2.9 Dodging
 - Level 3.0 Stealth
 - Level 3.4 Spellcasting
 + Level 4.2 Necromancy
 - Level 1.1 Transmutations
 * Level 10.7 Earth Magic


You had one spell level left.
You knew the following spells:

 Your Spells              Type           Power        Failure   Level
a - Sandblast             Erth           100%         1%          1
b - Passwall              Tmut/Erth      28%          2%          2
c - Stone Arrow           Conj/Erth      62%          5%          3
d - Lee's Rapid Deconstr  Erth           27%          5%          5
e - Animate Skeleton      Necr           50%          2%          1

Your spell library contained the following spells:

 Spells                   Type           Power        Failure   Level
 Pain                     Necr           100%         2%          1
 Beastly Appendage        Tmut           18%          11%         1
 Shock                    Conj/Air       16%          16%         1
 Sublimation of Blood     Necr           12%          4%          2
 Vampiric Draining        Necr           12%          9%          3
 Petrify                  Tmut/Erth      34%          14%         4
 Wereblood                Tmut           9%           16%         2
 Swiftness                Air            4%           24%         2
 Spider Form              Tmut/Pois      3%           36%         3
 Static Discharge         Conj/Air       4%           43%         3
 Ice Form                 Ice/Tmut       7%           77%         4
 Airstrike                Air            2%           85%         4
 Blade Hands              Tmut           4%           96%         5
 Lightning Bolt           Conj/Air       2%           99%         5


Dungeon Overview and Level Annotations

Branches:
Dungeon (6/15)             Temple (0/1) D:4

Altars:
Kikubaaqudgha
Ru
Xom

Shops:
D:5 (

Annotations:
D:3 Grinder
D:6 Blork the orc


Message History

Aiming: Sandblast (safe; 1% risk of failure)
Press: ? - help, Shift-Dir - straight line, f/p - troll
Aim: a troll (heavily wounded, 16% to evade)
The blast of sand hits the troll!
The troll is almost dead.
The troll bites you!
* * * LOW HITPOINT WARNING * * *
The troll claws you.
* * * LOW HITPOINT WARNING * * *
The troll closely misses you.
Casting: Sandblast (safe; 1% risk of failure)
Confirm with . or Enter, or press ? or * to list all spells.
Aiming: Sandblast (safe; 1% risk of failure)
Press: ? - help, Shift-Dir - straight line, f/p - troll
Aim: a troll (severely wounded, 16% to evade)
The blast of sand hits the troll but does no damage.
The troll is severely wounded.
The troll bites you!
You die...
Kikubaaqudgha rasps: "You have failed me!
Welcome... death!"

c...............######....
....#.....##...##........ ..
.........##...##........
#...####......#....##........
.............................
#...###.........#.##.....†...
..$...#..########.###.###.###
.........$...................
...........T@.....#........##
.......o########..#.##..##.##
........# #..#.#........
........# #..#.#.#......
........# #........#.
......... #.#...#..#.
....#.... #.#........
.##..o... ##.#........
............


You could see a troll and Blork the orc.

Vanquished Creatures
  Sigmund (D:3)
  An orc warrior (D:5)
  An ice beast (D:6)
  2 phantoms (D:4)
  2 ogres
  A centaur (D:5)
  A scorpion (D:6)
  A hound (D:4)
  5 orc priests
  Natasha (thrice) (D:4)
  4 orc wizards
  A worker ant (D:5)
  2 hound skeletons (D:4)
  5 adders
  A shadow imp (D:5)
  2 oozes
  2 worms (D:4)
  2 dart slugs
  5 leopard geckos
  36 orcs
  8 bats
  A giant cockroach (D:4)
  3 goblins
  6 hobgoblins
  8 jackals
  4 kobolds
  2 quokkas
  2 ball pythons
  4 frilled lizards
  A jackal skeleton (D:5)
  A quokka skeleton (D:4)
  6 rats
124 creatures vanquished.

Notes
Turn   | Place    | Note
-------+----------+-------------------------------------------
     0 | D:1      | raph the Deep Elf Earth Elementalist began the quest for
                  | the Orb.
     0 | D:1      | Reached XP level 1. HP: 10/10 MP: 6/6
   259 | D:1      | Reached XP level 2. HP: 15/15 MP: 8/8
   638 | D:1      | Learned a level 2 spell: Passwall
  1521 | D:2      | Reached XP level 3. HP: 19/19 MP: 6/9
  1565 | D:2      | Learned a level 3 spell: Stone Arrow
  1598 | D:2      | Reached skill level 4 in Earth Magic
  2283 | D:2      | Found a sacrificial altar of Ru.
  2689 | D:3      | Reached XP level 4. HP: 24/24 MP: 9/11
  2981 | D:3      | Noticed a two-headed ogre
  2988 | D:2      | Found an ancient bone altar of Kikubaaqudgha.
  2996 | D:2      | Became a worshipper of Kikubaaqudgha
  3024 | D:3      | Noticed Grinder
  3696 | D:3      | Reached skill level 5 in Earth Magic
  3727 | D:3      | HP: 1/36 [something/magic dart (5)]
  3731 | D:3      | Reached XP level 5. HP: 1/28 MP: 9/12
  4076 | D:3      | Noticed Sigmund
  4081 | D:3      | Killed Sigmund
  4082 | D:3      | Reached skill level 7 in Earth Magic
  4082 | D:3      | Reached XP level 6. HP: 19/32 MP: 8/13
  4681 | D:4      | Reached skill level 8 in Earth Magic
  5071 | D:4      | Reached XP level 7. HP: 36/36 MP: 8/14
  5253 | D:4      | Learned a level 5 spell: Lee's Rapid Deconstruction
  5463 | D:4      | Reached skill level 9 in Earth Magic
  5468 | D:4      | Got a bronze leather armour
  5479 | D:4      | Identified the cursed +1 leather armour of the Apothecary
                  | {rElec} (You found it on level 4 of the Dungeon)
  5496 | D:4      | Found a staircase to the Ecumenical Temple.
  5607 | D:4      | Noticed Natasha
  5613 | D:4      | Killed Natasha
  5697 | D:4      | Noticed Natasha
  5701 | D:4      | Killed Natasha
  5701 | D:4      | Reached * piety under Kikubaaqudgha
  5701 | D:4      | Identified Kikubaaqudgha's Papyrus of Black Secrets
                  | (Kikubaaqudgha gifted it to you on level 4 of the Dungeon)
  5701 | D:4      | Received a gift from Kikubaaqudgha
  5797 | D:4      | Learned a level 1 spell: Animate Skeleton
  5850 | D:4      | Reached skill level 1 in Necromancy
  5984 | D:4      | Noticed Natasha
  5986 | D:4      | Killed Natasha
  6137 | D:5      | Entered Level 5 of the Dungeon
  6152 | D:5      | Found Nayc Keu's Weapon Boutique.
  6364 | D:5      | Got a bloodstained rapier
  6365 | D:5      | Identified the +6 rapier "Keaff" {flame, Int+2} (You found
                  | it on level 5 of the Dungeon)
  6625 | D:5      | Reached skill level 10 in Earth Magic
  6625 | D:5      | Reached XP level 8. HP: 37/41 MP: 12/15
  7481 | D:6      | Found a shimmering altar of Xom.
  7651 | D:6      | Noticed a troll
  7658 | D:6      | Noticed Blork the orc
  7667 | D:6      | Mangled by a troll

Illustrated notes

Levels and vault maps discovered:
D:1:      onia_arrival_handbag, layout_basic
D:2:      layout_loops_ring, hangedman_ru_absence,
          nicolae_overflow_hidden_temple, grunt_ministairs_9,
          guppyfry_early_orc_mine
D:3:      cheibrodos_pilgrimage, layout_loops_corners, serial_park_tiny_1,
          minmay_misc_feat_diagonals, uniq_grinder, uniq_sigmund
D:4:      layout_basic, temple_doors_ab, uniq_natasha
D:5:      layout_basic, serial_shops, nicolae_shop_trees, corexii_corridor_pit,
          roderic_lattice_a, chequers_serial_rivers_small_3
D:6:      layout_basic, kennysheep_slug_shrine, nicolae_overflow_crystal_walls,
          uniq_blork_the_orc

Skill      XL: |  1  2  3  4  5  6  7  8 |
---------------+-------------------------+-----
Stealth        | 3 |  3.0
Earth Magic    | 4 5 7 8 10 | 10.7
Necromancy     | 3 4 |  4.2
Dodging        | |  2.9
Spellcasting   | |  3.4
Transmutations | |  1.1

Action                   |  1- 3 |  4- 6 |  7- 9 || total
-------------------------+-------+-------+-------++-------
Melee: Short sword       |    49 |     2 |       ||    51
       Dagger            |       |    41 |     6 ||    47
       Rapier            |       |       |    13 ||    13
 Cast: Sandblast         |    38 |    59 |    46 ||   143
       Stone Arrow       |       |     3 |    17 ||    20
       Lee's Rapid Decon |       |       |     8 ||     8
       Animate Skeleton  |       |       |     2 ||     2
  Use: Potion            |       |     6 |       ||     6
       Scroll            |       |    11 |     2 ||    13
 Stab: Sleeping          |     4 |     2 |     1 ||     7
Armor: Robe              |    19 |     9 |     1 ||    29
       Skin              |       |     3 |       ||     3
       Leather armour    |       |       |     8 ||     8
Dodge: Dodged            |    53 |    42 |    23 ||   118
